 Dungeon Crawl Stone Soup version 0.30-a0-331-g8ab09dc110 (webtiles) character file.

Game seed: 12760033291563154750

2700 hikkokomori the Caller (level 9, -12/72 (74) HPs)
             Began as a Demigod Summoner on Oct 30, 2022.
             Killed from afar by an acid dragon (13 damage)
             ... with a splash of acid
             ... on level 9 of the Dungeon.
             The game lasted 00:19:46 (9175 turns).

hikkokomori the Caller (Demigod Summoner)           Turns: 9175, Time: 00:19:47

HP:   -12/72 (74)   AC:  7    Str:  9    XL:     9   Next: 16%
MP:   15/26         EV: 12    Int: 29    God:
Gold: 401           SH:  0    Dex: 14    Spells: 1/14 levels left

rFire   + . .      SeeInvis .    G - +1 glaive (vorpal)
rCold   + . .      Faith    .    (shield currently unavailable)
rNeg    . . .      Spirit   .    a - +0 robe
rPois   +          Reflect  .    (no helmet)
rElec   +          Harm     .    (no cloak)
rCorr   +          Rampage  .    r - +2 pair of gloves {infuse}
Will    .....                    x - +1 pair of boots
Stlth   ++........               (no amulet)
HPRegen 0.32/turn                f - ring of magical power
MPRegen 0.20/turn                (no ring)

@: resistant, attractive, very slightly contaminated, lightly drained
A: high MP 1, forlorn, divine attributes
a: no special abilities


You were on level 9 of the Dungeon.
You visited 1 branch of the dungeon, and saw 9 of its levels.
You also visited: Ossuary.

You collected 401 gold pieces.

Inventory:

Hand Weapons
 d - a +0 mace
 e - a +0 club
 k - a +0 dagger
 n - a +2 vampiric dagger
 G - a +1 vorpal glaive (weapon)
Armour
 a - a +0 robe (worn)
 r - a +2 pair of gloves of infusion (worn)
 x - a +1 pair of boots (worn)
 H - +0 acid dragon scales
Jewellery
 f - a ring of magical power (left hand)
 N - a ring of positive energy
Wands
 F - a wand of flame (3)
 J - a wand of iceblast (8)
 K - a wand of polymorph (9)
Scrolls
 g - 2 scrolls of noise {unknown}
 h - 2 scrolls of teleportation
 i - 2 scrolls of blinking {unknown}
 j - a scroll of enchant weapon {unknown}
 o - a scroll of enchant armour
 p - 3 scrolls of immolation {unknown}
 q - 4 scrolls of fear {unknown}
 t - 2 scrolls of identify
 w - 2 scrolls of vulnerability {unknown}
 y - a scroll of butterflies {unknown}
 D - 2 scrolls of torment {unknown}
 E - a scroll of amnesia {unknown}
 L - a scroll of magic mapping
 M - a scroll of brand weapon {unknown}
Potions
 b - 2 potions of magic
 c - a potion of mutation {unknown}
 l - 3 potions of flight
 m - 5 potions of brilliance
 s - a potion of lignification
 u - 2 potions of haste
 v - a potion of ambrosia {unknown}
 z - a potion of berserk rage {unknown}
 A - a potion of curing
 B - a potion of might


   Skills:
 + Level 5.4 Fighting
 - Level 1.7 Dodging
 - Level 1.7 Stealth
 + Level 3.3 Spellcasting
 + Level 7.3 Summonings
 + Level 6.1 Ice Magic
 + Level 3.9 Air Magic


You had one spell level left.
You knew the following spells:

 Your Spells              Type           Power      Damage    Failure   Level
a - Summon Small Mammal   Summ           100%       N/A       1%          1
b - Freeze                Ice            100%       1d10      1%          1
c - Call Canine Familiar  Summ           47%        N/A       1%          3
d - Shock                 Conj/Air       64%        1d7       3%          1
e - Frozen Ramparts       Ice            80%        1d13      1%          3
f - Summon Lightning Spi  Summ/Air       37%        N/A       8%          4

Your spell library contained the following spells:

 Spells                   Type           Power      Damage    Failure   Level
 Kiss of Death            Conj/Necr      16%        2d6       8%          1
 Call Imp                 Summ           47%        N/A       1%          2
 Ensorcelled Hibernation  Hex/Ice        44%        N/A       3%          2
 Summon Guardian Golem    Hex/Summ       26%        N/A       4%          3
 Swiftness                Air            27%        N/A       4%          3
 Hailstorm                Conj/Ice       22%        3d7       6%          3
 Airstrike                Air            13%        2d(2-18)  14%         4
 Animate Armour           Summ/Erth      52%        N/A       16%         4
 Confusing Touch          Hex            4%         N/A       22%         3
 Gell's Gravitas          Tloc           4%         N/A       22%         3
 Spider Form              Tmut/Pois      4%         N/A       22%         3
 Stone Arrow              Conj/Erth      8%         3d7       22%         3
 Teleport Other           Tloc           4%         N/A       22%         3
 Anguish                  Hex/Necr       2%         N/A       58%         4
 Dispel Undead            Necr           4%         3d7       58%         4
 Dispersal                Tloc           2%         N/A       100%        6
 Lehudib's Crystal Spear  Conj/Erth      2%         10d2      100%        8


Dungeon Overview and Level Annotations

Branches:
Dungeon (9/15)             Temple (0/1) D:4         Ossuary (visited)
   Lair: D:8-11         Orc: D:9-12

Annotations:
D:9 3 runed translucent doors


Innate Abilities, Weirdness & Mutations

You have an increased reservoir of magic. (+10% MP)
You shall have no god before yourself.
Your divine heritage dramatically boosts your attributes as you level up.


Message History

The howler monkey hits your lightning spire but does no damage.
The wight hits you with a +4 war axe!
You feel drained.
The wight hits your lightning spire with a +4 war axe!
The wight hits you but does no damage. The acid dragon barely misses you.
The acid dragon claws you but does no damage.
You climb downwards.
Level annotation: 3 runed translucent doors
There is a stone staircase leading up here.
Casting: Summon Lightning Spire (dangerous; 8% risk of failure)
Confirm with . or Enter, or press ? or * to list all spells.
You miscast Summon Lightning Spire.
You are very lightly contaminated with residual magic.
Nothing appears to happen.
The wight completely misses you. The acid dragon spits acid at you.
The splash of acid hits you!!
* * * LOW HITPOINT WARNING * * *
Unknown command.
Okay, then.
It was a potion of attraction.
You feel attractive to monsters. The wight barely misses you.
The acid dragon misses you. The acid dragon claws you.
* * * LOW HITPOINT WARNING * * *
Unknown command.
Unknown command.
Unknown command.
As you read the scroll labelled WAKOYCO AFREA, it crumbles to dust.
It is a scroll of enchant armour.
Your +0 pair of boots glows green for a moment.
The wight hits you with a +4 war axe.
* * * LOW HITPOINT WARNING * * *
The acid dragon bites you.
* * * LOW HITPOINT WARNING * * *
The acid dragon barely misses you.
Unknown command.
It was a potion of resistance.
You feel protected. The acid dragon spits acid at you.
The splash of acid hits you! You resist.
You die...

######### #.......#
+.......+ #..))...#
#.......# #....@D.#
#...z...# ##+######
#### ...###
##...######+########
.###...............#
Z..##.#............+


You could see an acid dragon (catching breath) and a wight.

Vanquished Creatures
  Maggie (D:7)
  2 wyverns
  2 ice beasts
  A black bear (D:4)
  An orc warrior (D:7)
  An ogre (D:7)
  4 bullfrogs
  2 scorpions
  5 killer bees (D:6)
  3 jellies
  2 orc priests
  A hound (D:6)
  4 iguanas
  3 orc wizards
  2 mummies (Ossuary)
  2 adders
  3 gnolls
  2 white imps
  An ufetubus (D:6)
  2 worms
  A dart slug (D:1)
  15 orcs
  6 bats
  6 endoplasms
  2 giant cockroaches (D:1)
  5 goblins
  6 hobgoblins
  3 jackals (D:4)
  3 quokkas
  7 ball pythons
  6 frilled lizards
  8 gnoll skeletons (Ossuary)
  2 gnoll zombies (Ossuary)
  5 goblin skeletons (Ossuary)
  5 goblin zombies (Ossuary)
  A hobgoblin skeleton (Ossuary)
  4 hobgoblin zombies (Ossuary)
  4 kobolds
  3 kobold skeletons (Ossuary)
  7 kobold zombies (Ossuary)
  An orc skeleton (Ossuary)
  An orc zombie (Ossuary)
  A rat (D:2)
  4 rat skeletons (Ossuary)
  4 rat zombies (Ossuary)
154 creatures vanquished.

Vanquished Creatures (collateral kills)
  Menkaure (Ossuary)
  A water moccasin (D:7)
  A kobold brigand (D:9)
  A bullfrog (D:7)
  A howler monkey (D:8)
  A hound (D:5)
  3 orc wizards
  A mummy (Ossuary)
  A shadow imp (D:5)
  A white imp (D:6)
  A worm (D:3)
  4 orcs
  An endoplasm (D:4)
  A hobgoblin (D:4)
  A quokka (D:5)
  A frilled lizard (D:1)
  A goblin (D:2)
  3 goblin skeletons (Ossuary)
  2 kobolds
  An orc zombie (Ossuary)
  A rat (D:1)
  A rat zombie (Ossuary)
30 creatures vanquished.

Vanquished Creatures (others)
  6 plants (D:7)
6 creatures vanquished.

Grand Total: 190 creatures vanquished

Notes
Turn   | Place    | Note
-------+----------+-------------------------------------------
     0 | D:1      | hikkokomori the Demigod Summoner began the quest for the
                  | Orb.
     0 | D:1      | Reached XP level 1. HP: 14/14 MP: 5/5
   247 | D:1      | Learned a level 1 spell: Freeze
   297 | D:1      | Reached XP level 2. HP: 17/20 MP: 7/7
   883 | D:1      | Noticed an eye of devastation
   887 | D:1      | Noticed an eye of devastation
   919 | D:1      | Noticed a floating eye
   937 | D:1      | Noticed a golden eye
  1020 | D:2      | Reached skill level 1 in Ice Magic
  1116 | D:2      | Reached skill level 4 in Summonings
  1396 | D:2      | Reached XP level 3. HP: 26/26 MP: 9/9
  1489 | D:2      | Learned a level 3 spell: Call Canine Familiar
  1548 | D:2      | Noticed a scorpion
  1570 | D:2      | Killed a scorpion
  1571 | D:2      | Reached XP level 4. HP: 14/33 MP: 10/10
  2305 | D:3      | Learned a level 1 spell: Shock
  3101 | D:4      | Reached XP level 5. HP: 10/38 MP: 11/12
  3499 | D:4      | Noticed a black bear
  3508 | D:4      | Killed a black bear
  3509 | D:4      | Reached skill level 1 in Fighting
  3698 | D:4      | Found a staircase to the Ecumenical Temple.
  3854 | D:5      | Entered Level 5 of the Dungeon
  3921 | D:5      | Reached skill level 5 in Summonings
  3921 | D:5      | Reached XP level 6. HP: 41/47 MP: 6/13
  4594 | D:6      | Found a sand-covered staircase.
  4617 | Ossuary  | Entered an ossuary
  5435 | Ossuary  | Noticed Menkaure
  5461 | Ossuary  | Killed Menkaure
  5462 | Ossuary  | Reached XP level 7. HP: 16/56 MP: 14/14
  5742 | D:6      | Learned a level 3 spell: Frozen Ramparts
  5965 | D:6      | Reached skill level 6 in Summonings
  6727 | D:6      | Reached skill level 1 in Air Magic
  7135 | D:5      | Reached XP level 8. HP: 64/66 MP: 15/15
  7395 | D:7      | Noticed a two-headed ogre
  7395 | D:7      | Noticed a slime creature
  7426 | D:7      | Noticed Maggie
  7435 | D:7      | Reached skill level 5 in Ice Magic
  7457 | D:7      | Killed Maggie
  7540 | D:7      | Learned a level 4 spell: Summon Lightning Spire
  7716 | D:7      | Reached skill level 5 in Fighting
  7880 | D:7      | Reached skill level 7 in Summonings
  8652 | D:7      | Reached XP level 9. HP: 60/74 MP: 16/16
  9013 | D:8      | You fall into a shaft and drop 1 floor!
  9154 | D:9      | Found a runed translucent gate.
  9154 | D:9      | Found a runed translucent gate.
  9154 | D:9      | Found a runed translucent gate.
  9174 | D:9      | HP: 1/72 [acid dragon (6)]
  9175 | D:9      | Killed from afar by an acid dragon

Illustrated notes

Levels and vault maps discovered:
D:1:      dpeg_arrival_shelter, layout_basic,
          hellmonk_ecumenical_altar_watching_god
D:2:      layout_basic, serial_curves, eino_curves_04, eino_curves_01,
          eino_curves_03, basic_altar, minmay_box_of_dots
D:3:      layout_loops_cross, nicolae_qazlal_eye_of_the_storm,
          mainiacjoe_overflow_cross_hatched
D:4:      layout_basic, mainiacjoe_overflow_paths,
          minmay_temple_entry_proselytizer
D:5:      layout_basic, elyvilon_altar_1
D:6:      layout_loops_corners, general_overflow_altar,
          nicolae_tso_swordbearing_angel, enter_ossuary_1
D:7:      layout_basic, nicolae_hepliaklqana_hazy_memory,
          lightli_corner_chamber, uniq_maggie
D:8:      gammafunk_corrupted_shrine, layout_rooms, kennysheep_mini,
          mainiacjoe_overflow_surrounded_room
D:9:      layout_roguey [special_room_orc], mainiacjoe_overflow_24_doors,
          gammafunk_ghost_icy

Skill      XL: |  1  2  3  4  5  6  7  8  9 |
---------------+----------------------------+-----
Spellcasting   | 2 3 |  3.3
Ice Magic      | 1 2 3 4 5 6 |  6.1
Summonings     | 4 5 6 7 |  7.3
Fighting       | 1 2 3 5 |  5.4
Air Magic      | 1 3 |  3.9
Dodging        | |  1.7
Stealth        | |  1.7

Action                   |  1- 3 |  4- 6 |  7- 9 || total
-------------------------+-------+-------+-------++-------
Melee: Mace              |    93 |       |       ||    93
       Unarmed           |     1 |       |       ||     1
       Dagger            |       |   287 |    74 ||   361
       Punch             |       |     6 |     2 ||     8
       Glaive            |       |       |    54 ||    54
 Cast: Summon Small Mamm |    17 |     3 |     5 ||    25
       Freeze            |    10 |    22 |    14 ||    46
       Call Canine Famil |     1 |    13 |    16 ||    30
       Frozen Ramparts   |       |       |     8 ||     8
       Summon Lightning  |       |       |     2 ||     2
  Use: Scroll            |       |     5 |     3 ||     8
       Potion            |       |     3 |     4 ||     7
 Stab: Sleeping          |     7 |     5 |     1 ||    13
       Distracted        |       |     1 |     3 ||     4
Armor: Robe              |    25 |    52 |    48 ||   125
       Skin              |       |       |     9 ||     9
Dodge: Dodged            |    68 |   140 |   108 ||   316

Table legend: (Time is in decaauts)
 A = Elapsed time spent in this place.
 B = Non-inter-level travel time spent in this place.
 C = Inter-level travel time spent in this place.
 D = Time resting spent in this place.
 E = Time spent auto-exploring this place.
 F = Levels seen in this place.
 G = Mean time per level.
                   A        B        C        D        E       F      G
               +--------+--------+--------+--------+--------+-----+--------+
         Total |   9249 |   9006 |    243 |    656 |   6697 |  10 |  924.9 |
       Dungeon |   8160 |   7917 |    243 |    610 |   5992 |   9 |  906.7 |
       Ossuary |   1088 |   1088 |      0 |     46 |    705 |   1 | 1088.0 |
               +--------+--------+--------+--------+--------+-----+--------+

Top non-repeatable levels by time:
     D:7: 1581 daAuts
     D:6: 1298 daAuts
     D:2: 1259 daAuts
 Ossuary: 1088 daAuts
     D:5: 1073 daAuts
     D:1: 985 daAuts
     D:3: 853 daAuts
     D:4: 790 daAuts
     D:9: 162 daAuts
     D:8: 156 daAuts
